 Dungeon Crawl Stone Soup version 0.23.0 (webtiles) character file.

Game seed: 14904887496511760044

11823 Masnef the Destroyer (level 11, -1/65 (67) HPs)
             Began as a Tengu Enchanter on Feb 9, 2019.
             Was an Elder of Vehumet.
             Slain by a hornet (5 damage)
             ... while paralysed by a hornet
             ... on level 11 of the Dungeon.
             The game lasted 00:48:39 (12014 turns).

Masnef the Destroyer (Tengu Enchanter)             Turns: 12014, Time: 00:48:39

HP:   -1/65 (67)    AC:  5    Str:  8    XL:     11   Next: 83%
MP:   11/21         EV:  2    Int: 19    God:    Vehumet [****..]
Gold: 497           SH:  0    Dex: 15    Spells: 2/22 levels left

rFire    . . .     SeeInvis .   h - +1 dagger (venom)
rCold    . . .     Gourm    +   (no shield)
rNeg     . . .     Faith    .   M - +0 troll leather armour
rPois    .         Spirit   .   (helmet restricted)
rElec    .         Reflect  .   (no cloak)
rCorr    .         Harm     .   v - +0 pair of gloves
MR       .....                  (boots unavailable)
Stlth    +++++.....             E - amulet of the gourmand
HPRegen  0.60/turn              k - ring of stealth
MPRegen  0.17/turn              q - +2 ring of evasion

@: paralysed, lethally poisoned (-1 -> -11), flying quickly and evasively,
slowed, quick
A: beak, talons 3, able to fly
a: Stop Flying, Renounce Religion


You were on level 11 of the Dungeon.
You worshipped Vehumet.
Vehumet was greatly pleased with you.
You were not hungry.

You visited 1 branch of the dungeon, and saw 11 of its levels.
You also visited: Sewer.

You collected 497 gold pieces.

Inventory:

Hand Weapons
 a - a +1 dagger
 e - a +0 dagger
 h - a +1 dagger of venom (weapon)
 l - a +2 trident of freezing
 A - a +1 shortbow of velocity
 C - a +1 flail of holy wrath
Missiles
 B - 159 arrows
Armour
 b - a +1 robe
 p - a +0 shield
 v - a +0 pair of gloves (worn)
 M - a +0 troll leather armour (worn)
Jewellery
 k - a ring of stealth (left hand)
 q - a +2 ring of evasion (right hand)
 z - a +3 ring of evasion
 E - an amulet of the gourmand (around neck)
Wands
 g - a wand of disintegration (14)
 i - a wand of enslavement (9)
 o - a wand of paralysis (11)
 H - a wand of iceblast (8)
 I - a wand of acid (14)
 K - a wand of clouds (5)
Scrolls
 f - a scroll of enchant armour
 r - 2 scrolls of fog
 s - 6 scrolls of remove curse
 t - a scroll of identify
 u - 6 scrolls of teleportation
 x - a scroll of enchant weapon
 y - 3 scrolls of magic mapping
 D - a scroll of blinking
 F - a scroll of amnesia
Potions
 c - 2 potions of haste
 j - 4 potions of agility
 m - 2 potions of mutation
 n - a potion of heal wounds
 w - a potion of invisibility
 G - a potion of brilliance
 J - 2 potions of lignification
Miscellaneous
 L - a lightning rod (4/4)
Comestibles
 d - 15 rations


   Skills:
 * Level 7.4 Fighting
 - Level 3.6 Short Blades
 - Level 3.0 Maces & Flails
 + Level 3.3 Armour
 + Level 7.3 Dodging
 - Level 8.0 Stealth
 - Level 1.0 Shields
 + Level 6.3 Spellcasting
 * Level 9.5 Conjurations
 - Level 5.0 Hexes
 * Level 1.0 Translocations
 * Level 6.8 Fire Magic
 - Level 2.1 Ice Magic
 - Level 2.7 Evocations


You had 2 spell levels left.
You knew the following spells:

 Your Spells              Type           Power        Failure   Level  Hunger
a - Dazzling Spray        Conj/Hex       ####..       1%          3    ##.....
b - Ensorcelled Hibernat  Hex/Ice        ###...       5%          2    None
c - Confuse               Hex            ####....     6%          3    ##.....
d - Conjure Flame         Conj/Fire      #####...     1%          3    ##.....
e - Blink                 Tloc           N/A          16%         2    None
f - Mephitic Cloud        Conj/Pois/Air  ###.....     3%          3    ##.....
g - Fulminant Prism       Conj/Hex       ####......   2%          4    ####...

Your spell library contained the following spells:

 Spells                   Type           Power        Failure   Level  Hunger
 Corona                   Hex            ####...      1%          1    None
 Magic Dart               Conj           ####         1%          1    None
 Slow                     Hex            ####....     3%          2    None
 Call Imp                 Summ           #.......     22%         2    None
 Tukima's Dance           Hex            ####....     6%          3    ##.....


Dungeon Overview and Level Annotations

Branches:
Dungeon (11/15)            Temple (0/1) D:6            Lair (0/6) D:8
    Orc: D:9-12

Altars:
Kikubaaqudgha
Ru
Trog
Vehumet

Annotations:
D:11 2 transporters, Skippwaahh's ghost, journeyman MiBe


Innate Abilities, Weirdness & Mutations

You have a beak for a mouth.
You have claws for feet.
You can fly continuously.


Message History

You feel your power returning. The hornet stings you!
You feel yourself slow down. The yak gores you!
Casting: Ensorcelled Hibernation (safe; 5% risk of failure)
Confirm with . or Enter, or press ? or * to list all spells.
Aiming: Ensorcelled Hibernation (safe; 5% risk of failure)
Press: ? - help, Shift-Dir - straight line, f - hornet
Aim: a hornet (chance to defeat MR: 40%)
The hornet resists with some effort.
The hornet stings you.
You are poisoned.
You suddenly lose the ability to move!
The yak gores you! The hornet stings you!
* * * LOW HITPOINT WARNING * * *
You shrug off the repeated paralysis!
The yak gores you.
* * * LOW HITPOINT WARNING * * *
You feel yourself speed up.
You feel sick. The hornet stings you.
* * * LOW HITPOINT WARNING * * *
You are lethally poisoned!
You feel yourself slow down. The hornet stings you.
You die...

.........#......#
######...#......# .#
?....#÷..#......# ..
.....#†..#......+ ..
.##..#.+##......##.#
.8#..#...###.....#.###
.##..#.....#.....#...#
.....#.....#.....#...#
.##..#.....#....@yY..#
.8#..#.....#....Y#...#
.##..#.....#.....#...#
.....#.##..#.....#####
WZ..©#.##..#......#
######..#..#......#
........# .#......#
........# #......#
........# #......#


You could see 2 yaks and a hornet.

Vanquished Creatures
  An unseen horror (D:10)
  An orange crystal statue (D:9)
  An ugly thing (D:11)
  A cyclops (D:11)
  A manticore (D:11)
  Joseph (D:8)
  A troll (D:10)
  A hippogriff (D:8)
  A spriggan (D:9)
  2 yaks (D:11)
  A steam dragon (D:7)
  3 ice beasts
  4 orc warriors
  A sky beast (D:10)
  2 eyes of draining
  3 phantoms
  A necrophage (D:9)
  3 ogres
  6 centaurs
  A big kobold (D:6)
  6 bullfrogs
  A wyvern skeleton (D:8)
  8 scorpions
  A water moccasin skeleton (D:7)
  7 howler monkeys
  4 crimson imps
  2 jellies (D:10)
  4 orc priests
  A bullfrog skeleton (D:5)
  2 bullfrog zombies
  4 hounds
  Jessica (D:2)
  2 iguanas (D:5)
  8 orc wizards
  5 worker ants
  A killer bee zombie (D:9)
  A hound skeleton (D:8)
  A worker ant zombie (D:6)
  A howler monkey skeleton (D:10)
  11 adders
  6 shadow imps
  5 oozes
  An adder zombie (D:9)
  2 adder skeletons
  9 worms
  A dart slug (D:1)
  7 leopard geckos
  45 orcs
  14 bats
  5 giant cockroaches
  10 goblins
  5 hobgoblins
  4 jackals (Sewer)
  5 quokkas
  3 ball pythons (Sewer)
  2 frilled lizards
  A giant cockroach zombie (D:5)
  A jackal skeleton (D:9)
  7 kobolds
  2 quokka skeletons
  6 rats
  A fulminant prism (D:9)
249 creatures vanquished.

Vanquished Creatures (others)
  A human (D:10)
  12 fulminant prisms
13 creatures vanquished.

Grand Total: 262 creatures vanquished

Notes
Turn   | Place    | Note
-------+----------+-------------------------------------------
     0 | D:1      | Masnef the Tengu Enchanter began the quest for the Orb.
     0 | D:1      | Reached XP level 1. HP: 10/10 MP: 4/4
    74 | D:1      | Reached XP level 2. HP: 13/15 MP: 6/6
    95 | D:1      | Learned a level 2 spell: Ensorcelled Hibernation
   479 | D:2      | Reached XP level 3. HP: 19/19 MP: 2/7
   504 | D:2      | Learned a level 3 spell: Confuse
   780 | D:2      | Reached skill level 1 in Ice Magic
   788 | D:2      | Found a sacrificial altar of Ru.
   819 | D:2      | Reached XP level 4. HP: 23/24 MP: 8/8
   844 | D:2      | Noticed Jessica
   846 | D:2      | Killed Jessica
  1125 | D:3      | Gained mutation: You can fly continuously. [Tengu growth]
  1125 | D:3      | Reached XP level 5. HP: 14/28 MP: 2/9
  1143 | D:3      | HP: 1/28 [poisoned by an adder]
  1738 | D:3      | Found a radiant altar of Vehumet.
  1752 | D:3      | Became a worshipper of Vehumet
  2333 | D:4      | HP: 1/28 [orc wizard/puff of flame (10)]
  2829 | D:4      | Learned a level 3 spell: Dazzling Spray
  3180 | D:4      | Reached XP level 6. HP: 10/33 MP: 1/10
  3637 | D:5      | Entered Level 5 of the Dungeon
  3703 | D:5      | Reached skill level 1 in Fighting
  3719 | D:5      | Got a pair of fine gloves
  3725 | D:5      | Identified the -6 pair of gloves "Trusted Companion" {MR-
                  | rCorr Str+4 Slay-4} (You found it on level 5 of the
                  | Dungeon)
  3731 | D:5      | Noticed a phantom
  3778 | D:5      | Killed a phantom
  4013 | D:5      | Reached XP level 7. HP: 18/38 MP: 4/11
  4035 | D:5      | Reached skill level 5 in Stealth
  4925 | D:5      | Found a bloodstained altar of Trog.
  5173 | D:6      | Reached skill level 1 in Conjurations
  5235 | D:6      | Reached * piety under Vehumet
  5235 | D:6      | Offered knowledge of Freeze by Vehumet.
  5241 | D:6      | Reached XP level 8. HP: 38/44 MP: 0/13
  5324 | D:6      | Found a glowing drain.
  5346 | Sewer    | Entered a sewer
  5476 | Sewer    | Reached skill level 2 in Conjurations
  5867 | Sewer    | Offered knowledge of Searing Ray by Vehumet.
  5877 | Sewer    | Reached ** piety under Vehumet
  6838 | D:6      | Found a staircase to the Ecumenical Temple.
  6917 | D:6      | Reached skill level 3 in Conjurations
  7284 | D:7      | Reached XP level 9. HP: 48/51 MP: 15/15
  7294 | D:7      | Offered knowledge of Conjure Flame by Vehumet.
  7299 | D:7      | Learned a level 3 spell: Conjure Flame
  7362 | D:7      | Reached skill level 4 in Conjurations
  7571 | D:8      | Reached *** piety under Vehumet
  7765 | D:7      | Reached skill level 5 in Hexes
  7765 | D:7      | Reached skill level 1 in Fire Magic
  8189 | D:8      | Reached skill level 5 in Conjurations
  8525 | D:8      | Offered knowledge of Static Discharge by Vehumet.
  8651 | D:8      | Noticed Joseph
  8667 | D:8      | Killed Joseph
  8781 | D:8      | Found a staircase to the Lair.
  8788 | D:8      | Learned a level 2 spell: Blink
  8845 | D:9      | Reached XP level 10. HP: 58/58 MP: 18/18
  8864 | D:9      | Reached skill level 6 in Conjurations
  8876 | D:9      | Learned a level 3 spell: Mephitic Cloud
  8893 | D:9      | Noticed an orange crystal statue
  8998 | D:9      | Reached skill level 5 in Fighting
  8998 | D:9      | Reached skill level 5 in Spellcasting
  9088 | D:9      | Reached skill level 8 in Conjurations
  9088 | D:9      | Reached skill level 5 in Fire Magic
  9088 | D:9      | Reached XP level 11. HP: 57/66 MP: 13/19
  9630 | D:9      | Reached **** piety under Vehumet
  9908 | D:10     | Entered Level 10 of the Dungeon
  9940 | D:10     | Offered knowledge of Fulminant Prism by Vehumet.
 10101 | D:10     | Killed an unseen horror
 10121 | D:10     | Learned a level 4 spell: Fulminant Prism
 10286 | D:10     | Found an ancient bone altar of Kikubaaqudgha.
 11089 | D:9      | Killed an orange crystal statue
 11089 | D:9      | Reached skill level 9 in Conjurations
 11732 | D:11     | Noticed a manticore
 11736 | D:11     | Killed a manticore
 11736 | D:11     | Reached skill level 1 in Shields
 11833 | D:11     | Noticed a brown ugly thing
 11834 | D:11     | Found a transporter.
 11845 | D:11     | Killed a brown ugly thing
 11859 | D:11     | Found a transporter.
 11860 | D:11     | Noticed Skippwaahh's ghost (journeyman MiBe)
 11903 | D:11     | Noticed a cyclops
 11910 | D:11     | Killed a cyclops
 12008 | D:11     | Reached skill level 1 in Translocations
 12013 | D:11     | Paralysed by a hornet for 3 turns
 12014 | D:11     | Slain by a hornet

Skill      XL: |  1  2  3  4  5  6  7  8  9 10 11 |
---------------+----------------------------------+-----
Ice Magic      | 1 2 |  2.1
Stealth        | 4 5 6 8 |  8.0
Short Blades   | 2 3 |  3.6
Hexes          | 3 4 5 |  5.0
Fighting       | 1 2 3 4 6 7 |  7.4
Dodging        | 3 4 6 7 |  7.3
Conjurations   | 1 3 5 8 9 |  9.5
Spellcasting   | 3 4 5 6 |  6.3
Fire Magic     | 3 5 6 |  6.8
Maces & Flails | 3 |  3.0
Armour         | 3 |  3.3
Evocations     | 2 |  2.7
Shields        | 1 |  1.0
Translocations | 1 |  1.0

Action                   |  1- 3 |  4- 6 |  7- 9 | 10-12 || total
-------------------------+-------+-------+-------+-------++-------
Melee: Dagger            |    52 |   112 |   316 |   203 ||   683
       Kick              |    11 |    28 |    76 |    40 ||   155
       Peck              |     6 |    14 |    43 |    28 ||    91
       Trident           |       |    39 |       |       ||    39
 Cast: Ensorcelled Hiber |     2 |    12 |    41 |    24 ||    79
       Confuse           |     1 |    14 |     8 |    16 ||    39
       Dazzling Spray    |       |     3 |    12 |     4 ||    19
       Corona            |       |     1 |       |       ||     1
       Conjure Flame     |       |       |     2 |       ||     2
       Fulminant Prism   |       |       |       |    13 ||    13
       Mephitic Cloud    |       |       |       |    11 ||    11
       Blink             |       |       |       |     1 ||     1
 Abil: Fly               |       |     1 |       |       ||     1
Evoke: Wand              |       |       |     2 |       ||     2
  Use: Potion            |       |     9 |       |     1 ||    10
       Scroll            |       |     7 |    11 |     3 ||    21
 Stab: Sleeping          |     5 |    17 |    54 |    22 ||    98
       Confused          |     1 |     2 |     3 |    14 ||    20
       Distracted        |       |       |     2 |       ||     2
       Invisible         |       |       |     1 |     3 ||     4
  Eat: Chunk             |       |     5 |    26 |     7 ||    38
       Ration            |       |     2 |     1 |       ||     3
Armor: Robe              |     9 |    18 |    29 |     9 ||    65
       Troll leather arm |       |       |       |     4 ||     4
Dodge: Dodged            |    46 |   121 |   233 |   174 ||   574
